Map: Galactic Process LE

Players

TommyDogan

  • Race: Zerg Zerg
  • League: Gold

wallrush - Winner!

  • Race: Zerg Zerg
  • League: Gold

VOD

Have the link to the VOD?

Description

Time

  • Played on: Nov. 11, 2016, 4:19 p.m.
  • Length: 12:18
Show
View Real Time Build Order
Export as new Build Order

TommyDogan Zerg 

Build Orders: Hatch First 

Get SALT Encoding   

  12  0:01  Drone  
  13  0:13  Overlord  
  13  0:18  Drone  
  14  0:32  Drone x2  
  16  0:35  Drone  
  17  0:56  Hatchery  
  16  1:01  Drone x2  
  18  1:15  Spawning Pool  
  17  1:19  Drone  
  17  1:22  Drone  
  19  1:29  Drone  
  20  1:40  Overlord  
  20  2:02  Zergling x4  
  20  2:04  Queen  
  24  2:08  Queen  
  26  2:16  Drone x2  
  26  2:20  Spine Crawler  
  26  2:21  Spine Crawler  
  26  2:23  Drone x2  
  28  2:31  Drone  
  29  2:39  Drone  
  30  2:48  Queen  
  32  2:54  Queen  
  34  3:00  Overlord  
  34  3:05  Drone x2  
  36  3:09  Extractor  
  36  3:11  Extractor, Drone  
  36  3:12  Drone  
  36  3:24  Drone x3  
  36  3:25  Drone  
  40  3:31  Drone x2  
  40  3:32  Drone  
  43  3:45  Drone  
  43  3:47  Overlord  
  44  3:55  Evolution Chamber  
  44  3:57  Drone x2, Evolution Chamber  
  44  4:04  Overlord  
  44  4:05  Overlord  
  44  4:08  Drone x4  
  44  4:09  Drone x3  
  51  4:19  Roach Warren  
  51  4:23  Lair  
  50  4:27  Zerg Melee Weapons Level 1  
  50  4:32  Drone x3  
  50  4:33  Drone  
  54  4:47  Drone  
  54  4:48  Drone x2  
  57  4:55  Hatchery  
  57  4:58  Extractor  
  57  4:59  Extractor  
  54  5:01  Zergling x4  
  56  5:25  Zerg Ground Armor Level 1  
  56  5:26  Zergling x2  
  56  5:27  Zergling x8  
  61  5:47  Zergling x8  
  61  5:48  Zergling x6  
  68  5:50  Overlord x2  
  68  6:00  Metabolic Boost  
  68  6:09  Queen  
  70  6:29  Queen  
  72  6:32  Queen  
  72  6:36  Spore Crawler  
  72  6:37  Spore Crawler  
  72  6:38  Spore Crawler  
  71  6:41  Spore Crawler  
  71  6:43  Spore Crawler  
  71  6:45  Spore Crawler  
  66  7:08  Overlord x3  
  66  7:09  Overlord  
  66  7:44  Spire  
  65  8:03  Hatchery  
  65  8:05  Hatchery  
  63  8:09  Overlord  
  63  8:10  Overlord x4  
  63  8:11  Overlord x2  
  63  8:56  Corruptor  
  63  8:57  Corruptor x14  
  63  9:01  Zergling x10  
  93  9:36  Zergling x26  
  81  10:13  Zergling x24  
  66  10:43  Zergling x8  
  52  11:25  Roach  
  54  11:26  Roach x2  
Show
View Real Time Build Order
Export as new Build Order

wallrush Zerg - Winner!

Build Orders: Hatch First, Muta Ling Bane 

Get SALT Encoding   

  12  0:01  Drone  
  13  0:08  Drone  
  14  0:20  Extractor  
  13  0:21  Extractor  
  13  0:22  Drone x2  
  16  0:44  Hatchery  
  15  0:55  Spawning Pool  
  14  1:02  Overlord  
  14  1:20  Drone x3  
  17  1:33  Drone  
  17  1:34  Extractor  
  17  1:43  Queen, Zergling x2  
  20  1:56  Queen  
  20  1:57  Drone x2  
  24  2:04  Drone  
  25  2:10  Drone  
  26  2:19  Drone x2  
  28  2:28  Overlord  
  28  2:39  Evolution Chamber  
  27  2:45  Drone  
  27  2:48  Metabolic Boost  
  27  2:49  Drone x3  
  27  2:50  Overlord  
  30  2:55  Zergling x6  
  33  3:04  Extractor  
  32  3:06  Drone x2  
  32  3:11  Drone  
  32  3:12  Drone  
  36  3:22  Lair  
  36  3:23  Drone x3  
  39  3:32  Extractor  
  39  3:33  Drone x3  
  41  3:37  Extractor  
  41  3:38  Drone  
  41  3:49  Drone x2  
  41  3:51  Hatchery  
  42  4:02  Drone x2  
  44  4:14  Overlord  
  44  4:15  Overlord x3  
  44  4:22  Pneumatized Carapace  
  44  4:27  Spire  
  41  4:40  Drone x2  
  41  4:41  Drone x5  
  48  5:13  Drone x7  
  48  5:14  Drone x3  
  58  5:21  Infestation Pit  
  57  5:40  Mutalisk x7  
  57  5:41  Mutalisk  
  73  5:45  Drone x2  
  73  5:49  Queen  
  77  5:52  Extractor, Zerg Flyer Weapons Level 1  
  77  5:54  Drone x5  
  77  5:55  Extractor  
  80  6:11  Hive  
  80  6:14  Drone  
  82  6:32  Drone  
  82  6:35  Overlord x3  
  82  6:38  Overlord x2  
  82  6:39  Overlord x4  
  82  6:41  Overlord x2  
  82  6:53  Queen  
  84  7:00  Zergling x8  
  84  7:01  Mutalisk x2  
  88  7:06  Mutalisk  
  94  7:12  Zerg Melee Weapons Level 1  
  94  7:26  Baneling Nest, Drone x6  
  94  7:27  Drone x3  
  94  7:29  Ultralisk Cavern  
  101  7:47  Zerg Flyer Armor Level 1  
  101  7:49  Evolution Chamber  
  101  7:51  Drone x6  
  110  7:52  Hatchery  
  110  7:57  Extractor x2  
  109  8:16  Drone x6  
  115  8:23  Drone x6  
  121  8:32  Chitinous Plating  
  121  8:33  Ultralisk x3  
  139  8:43  Zergling x6  
  139  8:45  Centrifical Hooks  
  142  8:53  Evolution Chamber, Zerg Ground Armor Level 1  
  141  8:57  Zergling x6  
  141  9:01  Burrow  
  144  9:11  Zergling x12  
  144  9:13  Baneling x4  
  144  9:14  Baneling x2  
  150  9:32  Mutalisk x2  
  150  9:33  Mutalisk x4  
  150  9:35  Overlord x2  
  150  9:36  Overlord x7  
  150  9:37  Overlord  
  162  9:38  Baneling x2  
  162  9:39  Baneling x5  
  162  9:40  Zerg Flyer Weapons Level 2  
  162  9:50  Zerg Melee Weapons Level 2  
  161  10:06  Hatchery  
  157  10:10  Extractor  
  157  10:13  Extractor  
  152  10:17  Hydralisk Den  
  152  10:18  Zerg Missile Weapons Level 1  
  149  10:22  Zergling x2  
  149  10:23  Zergling x16  
  149  10:24  Zergling x16  
  149  10:25  Zergling x2  
  138  10:47  Mutalisk  
  138  10:48  Mutalisk x6  
  138  10:49  Mutalisk  
  154  11:01  Hydralisk  
  154  11:02  Hydralisk x3  
  150  11:14  Hydralisk x3  
  150  11:15  Hydralisk  
  149  11:26  Hydralisk x7  
  155  11:49  Drone x5  
  155  11:50  Drone x7  
  155  11:51  Drone  
Tags
 
Add a new tag
Caveats
  • Supply blocks, unpowered buildings, or Contaminate may cause inaccurate times.
  • Supply counts are checked every 10 seconds.